Map: Dragon Scales LE

Players

Juiceboxes - Winner!

  • Race: Zerg Zerg
  • Spawn Location: 5:00

VOD

Have the link to the VOD?

Description

Time

  • Played on: April 30, 2023, 8:13 p.m.
  • Length: 28:43
Show
View Real Time Build Order
Export as new Build Order

Juiceboxes Zerg - Winner!

Build Orders:  

Get SALT Encoding   

  12  0:05  Drone  
  13  0:22  Overlord  
  13  0:23  Drone  
  14  0:47  Drone  
  15  0:54  Drone  
  15  0:56  Drone  
  17  1:10  Drone  
  18  1:23  Hatchery  
  17  1:47  Drone, Extractor  
  17  1:50  Drone  
  18  2:02  Drone  
  18  2:09  Drone  
  20  2:16  Spawning Pool  
  19  2:26  Overlord  
  19  2:37  Drone  
  20  2:53  Drone  
  21  3:03  Drone  
  21  3:08  Drone  
  23  3:18  Drone  
  24  3:24  Drone  
  25  3:35  Queen  
  25  3:36  Queen  
  29  3:44  Drone  
  29  3:45  Drone  
  31  3:51  Drone  
  32  4:01  Overlord  
  32  4:05  Drone  
  33  4:17  Zergling x2  
  34  4:20  Zergling x2  
  35  4:42  Drone  
  35  4:43  Drone x2  
  35  4:49  Lair  
  38  5:08  Roach Warren  
  37  5:13  Evolution Chamber  
  36  5:20  Drone x3  
  36  5:22  Overlord  
  36  5:23  Overlord  
  39  5:59  Drone x2  
  41  6:00  Drone  
  42  6:17  Roach  
  42  6:18  Roach x8  
  59  6:26  Extractor  
  57  6:33  Extractor  
  57  6:39  Overlord x2  
  56  6:44  Drone  
  56  6:45  Drone  
  58  6:57  Drone x2  
  60  7:01  Overlord x2  
  60  7:02  Overlord  
  60  7:05  Drone  
  61  7:28  Drone  
  61  7:29  Drone  
  63  7:41  Drone  
  64  7:51  Drone  
  64  7:56  Roach x4  
  73  8:14  Hatchery  
  72  8:20  Roach x5  
  72  8:24  Overlord x2  
  82  8:32  Roach  
  82  8:33  Roach x2  
  82  8:36  Glial Reconstitution  
  82  8:38  Zerg Missile Weapons Level 1  
  88  8:51  Evolution Chamber  
  87  9:35  Spire  
  87  9:38  Extractor  
  85  9:57  Roach  
  85  9:58  Roach x11  
  109  10:00  Overlord  
  109  10:30  Queen  
  111  10:41  Zerg Ground Armor Level 1  
  89  11:26  Corruptor x2  
  97  11:48  Mutalisk  
  97  11:49  Mutalisk x2  
  99  12:13  Drone  
  99  12:14  Drone x6  
  99  12:15  Drone  
  107  12:44  Hydralisk Den  
  106  12:50  Extractor  
  93  13:30  Hydralisk x13  
  93  14:06  Hydralisk  
  93  14:07  Hydralisk x5  
  99  14:21  Zerg Missile Weapons Level 2  
  99  14:32  Hydralisk  
  99  14:34  Hydralisk  
  103  15:02  Drone x2  
  103  15:03  Drone  
  106  16:09  Hydralisk x5  
  98  16:10  Hydralisk x4  
  116  16:15  Overlord x2  
  116  16:16  Overlord  
  116  16:17  Overlord  
  98  16:59  Zerg Ground Armor Level 2  
  88  17:07  Drone  
  88  17:08  Drone x8  
  81  17:45  Hydralisk  
  81  17:46  Hydralisk x8  
  81  17:49  Hatchery  
  98  18:03  Extractor  
  98  18:04  Drone  
  98  18:10  Drone  
  98  18:11  Drone  
  98  18:17  Hydralisk  
  98  18:18  Hydralisk x9  
  117  18:42  Unknown  
  104  19:48  Hydralisk x7  
  104  19:49  Hydralisk x7  
  132  20:06  Queen  
  132  20:09  Queen  
  136  20:13  Hydralisk  
  136  20:14  Hydralisk x8  
  136  20:17  Queen  
  156  20:22  Overlord x2  
  156  20:26  Hydralisk  
  156  20:27  Hydralisk  
  160  21:40  Drone x2  
  160  21:41  Drone  
  163  21:54  Roach x4  
  163  21:55  Roach x2  
  163  21:57  Overlord x2  
  175  22:19  Overlord  
  135  22:20  Overlord x2  
  175  22:24  Hydralisk x7  
  175  22:25  Hydralisk  
  191  22:33  Roach  
  153  23:07  Roach  
  153  23:08  Roach x11  
  167  23:23  Drone  
  167  23:24  Drone  
  167  23:26  Queen  
  171  23:33  Hydralisk x8  
  171  23:34  Hydralisk  
  181  24:32  Hydralisk x6  
  181  24:33  Hydralisk x3  
  181  24:36  Roach  
  195  25:06  Roach  
  195  25:07  Roach  
  197  26:04  Drone  
  197  26:07  Hydralisk  
  198  27:22  Spine Crawler  
  198  27:24  Spine Crawler  
  198  27:27  Spine Crawler  
  198  27:29  Spine Crawler  
  194  27:43  Hydralisk x3  
Tags
 
Add a new tag
Caveats
  • Supply blocks, unpowered buildings, or Contaminate may cause inaccurate times.
  • Supply counts are checked every 10 seconds.